 Dungeon Crawl Stone Soup version 0.32-a0-799-g95e1662365 (webtiles) character file.

Game seed: 17445260820663117805

699 zenocrate the Sneak (level 7, -2/41 HPs)
             Began as a Kobold Earth Elementalist on Mar 21, 2024.
             Slain by Pikel the basilisk (5 damage)
             ... while petrified by Pikel
             ... on level 4 of the Dungeon.
             The game lasted 00:04:53 (4241 turns).

zenocrate the Sneak (Kobold Earth Elementalist)     Turns: 4241, Time: 00:04:53

Health: -2/41      AC:  5    Str:  5    XL:     7   Next: 97%
Magic:  11/11      EV:  3    Int: 16    God:
Gold:   289        SH:  0    Dex: 18    Spells: 4/12 levels left

rFire   . . .        a - +0 rapier
rCold   . . .        (no shield)
rNeg    + + +        d - +0 robe
rPois   ∞            j - +0 helmet
rElec   .            s - +1 cloak {rPois}
rCorr   .            (no gloves)
SInv    .            (no boots)
Will    .....        (no amulet)
Stlth   ++++         (no ring)
HPRegen 0.26/turn    (no ring)
MPRegen 0.12/turn

%: no passive effects
@: petrified
A: small, no large weapons, nightstalker 3
a: no special abilities


You were on level 4 of the Dungeon.
You visited 1 branch of the dungeon, and saw 5 of its levels.

You collected 289 gold pieces.

Inventory:

Hand Weapons
 a - a +0 rapier (weapon)
 o - a +0 dagger
Armour
 d - a +0 robe (worn)
 e - an orb of guile
 j - a +0 helmet (worn)
 s - a +1 cloak of poison resistance (worn)
Jewellery
 c - a ring of ice
 i - a ring of ice
Wands
 u - a wand of polymorph (4)
Scrolls
 g - 2 scrolls of enchant armour {unknown}
 h - a scroll of teleportation {unknown}
 k - a scroll of immolation {unknown}
 m - a scroll of silence {unknown}
 v - a scroll of brand weapon {unknown}
 w - a scroll of fear {unknown}
Potions
 n - a potion of mutation
 p - a potion of heal wounds {unknown}
 q - 3 potions of haste {unknown}
 r - a potion of enlightenment {unknown}
 t - a potion of berserk rage {unknown}


   Skills:
 + Level 3.2 Fighting
 + Level 3.9 Short Blades
 * Level 4.5 Dodging
 + Level 5.9 Stealth
 + Level 3.2 Spellcasting
 - Level 1.0 Conjurations
 + Level 3.8 Earth Magic
 + Level 2.0 Alchemy
 + Level 1.6 Evocations


You had 4 spell levels left.
You knew the following spells:

 Your Spells              Type           Power      Damage    Failure   Level
a - Sandblast             Erth           28%        2d8       3%          1
b - Petrify               Alch/Erth      12%        N/A       47%         4
c - Stone Arrow           Conj/Erth      20%        3d8       21%         3

Your spell library contained the following spells:

 Spells                   Type           Power      Damage    Failure   Level
 Passwall                 Erth           14%        N/A       12%         3
 Brom's Barrelling Bould  Conj/Erth      10%        2d3       56%         4


Dungeon Overview and Level Annotations

Branches:
Dungeon (5/15)
 Temple: D:4-7

Altars:
Qazlal

Shops:
D:1 ?

Annotations:
D:4 Pikel


Innate Abilities, Weirdness & Mutations

You are small and have problems with some larger weapons.
You are completely attuned to the shadows.


Message History

Pikel hits you with a +0 whip of flaming!
* * * LOW HITPOINT WARNING * * *
Pikel burns you.
* * * LOW HITPOINT WARNING * * *
Unknown command.
You feel better. Pikel barely misses you.
Aiming: Polymorph
Press: ? - help, Shift-Dir - straight line, f/p - Pikel
Aim: Pikel, wielding a +0 whip of flaming and wearing a +2 robe of cold resistance (heavily wounded, will become a basilisk, a spriggan, or a centaur, chance to affect: 52%) Pikel evaporates and reforms as a basilisk!
Pikel bites you!
* * * LOW HITPOINT WARNING * * *
Unknown command.
Unknown command.
You hit Pikel.
Pikel is severely wounded.
Pikel bites you but does no damage.
Unknown command.
Casting: Sandblast (safe; 3% risk of failure)
Confirm with . or Enter, or press ? or * to list all spells.
Aiming: Sandblast (safe; 3% risk of failure)
Press: ? - help, Shift-Dir - straight line, f/p - Pikel
Aim: Pikel the basilisk (severely wounded, 77% to hit)
The blast of sand hits Pikel but does no damage.
Pikel is severely wounded.
Pikel gazes at you.
You are slowing down.
Unknown command.
Magic courses through your body. Pikel gazes at you.
Your limbs have turned to stone.
Pikel bites you.
* * * LOW HITPOINT WARNING * * *
You have turned to stone.
Pikel hisses menacingly.
Pikel gazes at you. Pikel bites you.
* * * LOW HITPOINT WARNING * * *
Pikel bites you but does no damage. Pikel bites you!
You die...

......# ....5.#
......##########
.......#.......#
.......#.#####.###
.........5l@....>#
..#......#######.# .
####.### #.# #...#
#.# ###.##### #.#
#...#...# #.#
###.#.#.#.# #.#
####.........#####.#
................##.#


You could see Pikel the basilisk and a lemure.

Vanquished Creatures
  Grinder (D:3)
  Sigmund (D:3)
  Menkaure (D:4)
  3 lemures (D:4)
  A bombardier beetle (D:4)
  Crazy Yiuf (D:2)
  An orc wizard (D:3)
  5 adders
  4 ribbon worms
  A dart slug (D:4)
  6 orcs
  5 endoplasms
  A giant cockroach (D:2)
  9 goblins
  8 hobgoblins
  2 jackals (D:1)
  5 quokkas
  7 ball pythons
  5 bats
  3 frilled lizards
  4 kobolds
  9 rats
83 creatures vanquished.

Notes
Turn   | Place    | Note
-------+----------+-------------------------------------------
     0 | D:1      | zenocrate the Kobold Earth Elementalist began the quest for
                  | the Orb.
     0 | D:1      | Reached XP level 1. HP: 10/10 MP: 3/3
    63 | D:1      | Reached skill level 3 in Stealth
   159 | D:1      | Reached XP level 2. HP: 15/15 MP: 3/5
   523 | D:1      | Found The Oracle's Delphic Readings.
   729 | D:1      | Reached skill level 1 in Short Blades
   729 | D:1      | Reached XP level 3. HP: 20/20 MP: 4/6
  1334 | D:1      | Learned a level 3 spell: Stone Arrow
  1399 | D:2      | Reached skill level 4 in Stealth
  1423 | D:2      | Reached skill level 1 in Fighting
  1678 | D:2      | HP: 1/20 [ribbon worm (2)]
  1805 | D:2      | Reached XP level 4. HP: 17/25 MP: 4/7
  2370 | D:2      | Found a runed translucent door.
  2373 | D:2      | Noticed Crazy Yiuf
  2476 | D:2      | Killed Crazy Yiuf
  2477 | D:2      | Reached XP level 5. HP: 14/30 MP: 0/8
  2563 | D:2      | Learned a level 4 spell: Petrify
  2805 | D:3      | Noticed Sigmund
  2809 | D:3      | Killed Sigmund
  2810 | D:3      | Reached skill level 5 in Stealth
  2810 | D:3      | Reached skill level 1 in Alchemy
  2810 | D:3      | Reached XP level 6. HP: 36/36 MP: 9/9
  3139 | D:3      | Noticed Grinder
  3153 | D:3      | Killed Grinder
  3154 | D:3      | Reached skill level 1 in Evocations
  3154 | D:3      | Reached XP level 7. HP: 31/40 MP: 4/11
  3361 | D:3      | You fall into a shaft and drop 2 floors!
  3361 | D:5      | Entered Level 5 of the Dungeon
  3434 | D:4      | Noticed Pikel
  3894 | D:4      | Noticed Menkaure
  3899 | D:4      | Killed Menkaure
  3953 | D:4      | Found a stormy altar of Qazlal.
  4234 | D:4      | Pikel changed into Pikel the basilisk
  4234 | D:4      | Noticed Pikel
  4241 | D:4      | Slain by Pikel the basilisk

Illustrated notes

Levels and vault maps discovered:
D:1:      onia_arrival_handbag, layout_rooms, serial_co_window_serial,
          co_window_of_opportunity_a, co_window_of_opportunity_a,
          co_window_of_opportunity_a, co_window_of_opportunity_a,
          co_window_corner_a, co_window_paths_a, co_window_paths_a,
          co_window_2corner, co_window_unsneaky_path_e, co_window_paths_c,
          glass_columns_b, glass_columns_a, glass_columns_b, glass_columns_b,
          glass_columns_a, nicolae_nh_oracle_at_delphi
D:2:      layout_rooms, minmay_stone_trees_small, kennysheep_minor_cross,
          uniq_crazy_yiuf_cottage
D:3:      layout_loops_ring, uniq_sigmund, uniq_grinder
D:4:      layout_basic, nicolae_qazlal_eye_of_the_storm, uniq_menkaure,
          uniq_pikel
D:5:      layout_rooms, general_overflow_altar, serial_shops,
          nicolae_shop_tiny_waterfront, kennysheep_generic_room_7

Skill      XL: |  1  2  3  4  5  6  7 |
---------------+----------------------+-----
Stealth        | 3 4 5 |  5.9
Short Blades   | 1 2 3 |  3.9
Fighting       | 1 2 3 |  3.2
Dodging        | 3 4 |  4.5
Alchemy        | 1 2 |  2.0
Spellcasting   | 3 |  3.2
Evocations     | 1 |  1.6
Conjurations   | |  1.0
Earth Magic    | |  3.8

Action                     |  1- 3 |  4- 6 |  7- 9 || total
---------------------------+-------+-------+-------++-------
  Melee: Dagger            |    59 |     3 |       ||    62
         Rapier            |       |    67 |    74 ||   141
   Cast: Sandblast         |    48 |    22 |    29 ||    99
         Stone Arrow       |       |     1 |       ||     1
  Evoke: Wand              |       |       |     1 ||     1
    Use: Potion            |       |       |     5 ||     5
         Scroll            |       |       |     3 ||     3
   Stab: Sleeping          |     6 |     9 |     4 ||    19
 Armour: Robe              |    55 |    37 |    43 ||   135
         Skin              |       |       |    36 ||    36
  Dodge: Dodged            |    58 |    47 |    45 ||   150

Table legend: (Time is in decaauts)
 A = Elapsed time spent in this place.
 B = Non-inter-level travel time spent in this place.
 C = Inter-level travel time spent in this place.
 D = Time resting spent in this place.
 E = Time spent auto-exploring this place.
 F = Levels seen in this place.
 G = Mean time per level.
                   A        B        C        D        E       F      G
               +--------+--------+--------+--------+--------+-----+--------+
         Total |   4292 |   4205 |     87 |     44 |   3361 |   5 |  858.4 |
       Dungeon |   4292 |   4205 |     87 |     44 |   3361 |   5 |  858.4 |
               +--------+--------+--------+--------+--------+-----+--------+

Top non-repeatable levels by time:
     D:1: 1386 daAuts
     D:2: 1204 daAuts
     D:3: 965 daAuts
     D:4: 717 daAuts
     D:5: 18 daAuts
